 Dungeon Crawl Stone Soup version 0.25-a0-632-g7713895373 (webtiles) character file.

Game seed: 7417191923294782891, levelgen mode: deterministic

5110 GenChuck the Destroyer (level 10, -3/69 HPs)
             Began as a Purple Draconian Conjurer on Mar 19, 2020.
             Was an Elder of Vehumet.
             Slain by a three-headed hydra (11 damage)
             ... on level 8 of the Dungeon.
             The game lasted 01:58:22 (14165 turns).

GenChuck the Destroyer (Purple Draconian Conjurer) Turns: 14165, Time: 01:58:24

Health: -3/69      AC: 10    Str: 11    XL:     10   Next: 32%
Magic:  16/23      EV: 14    Int: 19    God:    Vehumet [****..]
Gold:   370        SH:  0    Dex: 15    Spells: 11/28 levels left

rFire    . . .     SeeInvis .   p - +2 whip (flame)
rCold    . . .     Gourm    .   (no shield)
rNeg     . . .     Faith    .   (armour unavailable)
rPois    .         Spirit   .   (helmet restricted)
rElec    +         Reflect  .   w - +1 cloak
rCorr    .         Harm     .   f - +0 pair of gloves
MR       ++...                  (no boots)
Stlth    ++........             k - amulet of the acrobat
HPRegen  0.21/turn              e - ring of wizardry
MPRegen  0.18/turn              y - ring "Qirirar" {rElec MR+ Dex+4}

@: short of breath
A: breathe power, unfitting armour, cold-blooded, AC +7
a: Breathe Dispelling Energy, Renounce Religion


You were on level 8 of the Dungeon.
You worshipped Vehumet.
Vehumet was greatly pleased with you.
You were not hungry.

You visited 2 branches of the dungeon, and saw 9 of its levels.
You also visited: Ossuary.

You collected 370 gold pieces.

Inventory:

Hand Weapons
 c - a +3 flail of protection
 p - a +2 whip of flaming (weapon)
 t - a +4 quarterstaff of chaos
 x - a +2 flail of holy wrath
 H - a +2 whip of venom
Missiles
 D - 83 stones (quivered)
Armour
 f - a +0 pair of gloves (worn)
 w - a +1 cloak (worn)
Jewellery
 e - a ring of wizardry (left hand)
 k - an amulet of the acrobat (around neck)
 u - an uncursed ring of positive energy
 y - the ring "Qirirar" (right hand) {rElec MR+ Dex+4}
   (You found it on level 4 of the Dungeon)

   [ring of protection from magic]

   It affects your dexterity (+4).
   It insulates you from electricity.
   It affects your resistance to hostile enchantments.
 F - an uncursed amulet of the gourmand
 G - a cursed amulet of inaccuracy {unknown}
Wands
 s - a wand of paralysis (11)
 I - a wand of flame (30)
Scrolls
 d - 2 scrolls of remove curse
 g - 9 scrolls of teleportation
 h - 6 scrolls of amnesia
 j - a scroll of enchant armour
 q - 4 scrolls of enchant weapon
 B - a scroll of fog
 C - a scroll of summoning {unknown}
 E - a scroll of identify
Potions
 b - 5 potions of curing
 i - a potion of magic {unknown}
 l - 3 potions of heal wounds
 n - 3 potions of might
 o - 3 potions of mutation
 r - a potion of berserk rage {unknown}
 v - 4 potions of haste
 z - 3 potions of brilliance {unknown}
Comestibles
 m - 11 rations
 A - 13 chunks of flesh


   Skills:
   Level 1.0 Short Blades
 + Level 1.6 Maces & Flails
 + Level 3.6 Dodging
 - Level 1.8 Stealth
 + Level 9.6 Spellcasting
 * Level 12.1 Conjurations
 + Level 0.9 Hexes
 + Level 1.1 Fire Magic
 + Level 0.7 Ice Magic
 + Level 0.2 Air Magic
 + Level 1.2 Earth Magic


You had 11 spell levels left.
You knew the following spells:

 Your Spells              Type           Power        Failure   Level  Hunger
a - Magic Dart            Conj           ####         1%          1    None
b - Searing Ray           Conj           ######       1%          2    None
c - Sandblast             Erth           ##....       1%          1    None
d - Dazzling Flash        Conj/Hex       ####..       1%          3    None
e - Freeze                Ice            ##..         1%          1    None
f - Inner Flame           Hex/Fire       ##......     1%          3    None
g - Static Discharge      Conj/Air       ####....     1%          3    None
h - Stone Arrow           Conj/Erth      ####..       1%          3    None

Your spell library contained the following spells:

 Spells                   Type           Power        Failure   Level  Hunger
 Fulminant Prism          Conj/Hex       ####......   1%          4    ###....
 Iskenderun's Mystic Bla  Conj/Tloc      ####....     1%          4    ###....


Dungeon Overview and Level Annotations

Branches:
Dungeon (8/15)             Temple (1/1) D:4         Ossuary (visited)
   Lair: D:8-11

Altars:
Ashenzari
Cheibriados
Dithmenos
Elyvilon
Fedhas
Gozag
Hepliaklqana
Kikubaaqudgha
Makhleb
Nemelex Xobeh
Okawaru
Qazlal
Ru
Sif Muna
Trog
Uskayaw
Vehumet
Wu Jian
Xom
Yredelemnul
Zin
The Shining One

Shops:
D:6 *


Innate Abilities, Weirdness & Mutations

You can breathe bolts of dispelling energy.
Your rich purple scales are hard. (AC +7)
You cannot fit into any form of body armour.
You are cold-blooded and may be slowed by cold attacks.


Message History

You hit the plant but do no damage.
The big kobold hits you but does no damage.
The three-headed hydra bites you!
* * * LOW HITPOINT WARNING * * *
The three-headed hydra bites you but does no damage.
The three-headed hydra bites you.
* * * LOW HITPOINT WARNING * * *
Throwing (i - inventory)
D - 83 stones (quivered)
Press: ? - help, Shift-Dir - straight line, f - three-headed hydra, p - big kobold
Aim: a three-headed hydra (severely wounded)
Okay, then.
Press: ? - help, Shift-Dir - straight line, f - three-headed hydra, p - big kobold
Aim: a three-headed hydra (severely wounded)
You breathe a bolt of dispelling energy.
The bolt of dispelling energy misses the three-headed hydra.
You feel somewhat more hungry.
The big kobold hits you but does no damage.
The three-headed hydra closely misses you.
The three-headed hydra bites you!
You die...

#.##...#.###....)..## #........#
#......#.##.........####....###.#
..........'........>'.......# #.#
#........##.........####....# #.#
##.....############## #....# #.#
#.....# #.%'.....# #.#.## #.#
##.#### #).#(....# #.#.# #.# #.#
#+###DK'## #.#.####.# #.#
#.≈P..@..# #........# #.#
#P≈≈..P..# ###.###### #.#
#≈)P.....# ...#
#.#######P≈......# ##.##
#.#.....#PP≈†).≈.# #.
#[#.....#####÷#### #.
#.#.....#####.##.##.# #.
#..)).).............# #.
###.....########.####


You could see a three-headed hydra and a big kobold (inner flame).

Vanquished Creatures
  Pikel (D:3)
  A hornet (D:7)
  Grinder (D:3)
  2 dream sheep (D:8)
  2 yaks (D:8)
  Edmund (D:6)
  A slave (D:3)
  4 orc warriors
  5 sky beasts
  An ice beast (D:7)
  A phantom (D:5)
  A centaur (D:6)
  4 ogres
  A crocodile (D:8)
  2 big kobolds (D:8)
  4 bullfrogs
  4 scorpions
  A howler monkey (D:5)
  A crimson imp (D:8)
  5 jellies
  A bullfrog zombie (D:7)
  A centaur skeleton (D:7)
  2 orc priests
  3 hounds
  Crazy Yiuf (D:2)
  Jessica (D:2)
  A bullfrog skeleton (D:4)
  2 iguanas
  7 orc wizards
  7 worker ants
  A killer bee zombie (D:8)
  5 big kobold zombies (Ossuary)
  A hound zombie (D:5)
  A mummy (Ossuary)
  12 adders
  4 gnolls (D:6)
  3 shadow imps
  An ooze (D:1)
  A worm (D:2)
  3 dart slugs
  7 leopard geckos
  23 orcs
  5 spectral bats (Ossuary)
  6 giant cockroaches
  5 hobgoblins
  8 jackals
  9 kobolds
  4 quokkas
  A ball python (D:4)
  6 bats
  5 bat simulacra (Ossuary)
  5 frilled lizards
  7 gnoll zombies (Ossuary)
  7 goblins
  2 goblin simulacra (Ossuary)
  4 goblin zombies (Ossuary)
  5 hobgoblin zombies (Ossuary)
  A jackal skeleton (D:7)
  A kobold simulacrum (Ossuary)
  5 kobold zombies (Ossuary)
  A leopard gecko skeleton (D:5)
  4 orc zombies (Ossuary)
  A quokka skeleton (D:6)
  6 rats
  A rat simulacrum (Ossuary)
  4 spectral goblins (Ossuary)
  2 spectral kobolds (Ossuary)
  3 spectral rats (Ossuary)
  A fungus (D:2)
  A plant (D:1)
241 creatures vanquished.

Notes
Turn   | Place    | Note
-------+----------+-------------------------------------------
     0 | D:1      | GenChuck the Draconian Conjurer began the quest for the
                  | Orb.
     0 | D:1      | Reached XP level 1. HP: 14/14 MP: 3/3
   446 | D:1      | Reached XP level 2. HP: 20/20 MP: 3/5
  1286 | D:2      | Reached XP level 3. HP: 26/26 MP: 2/6
  1404 | D:2      | Reached skill level 5 in Conjurations
  1972 | D:2      | Reached XP level 4. HP: 33/33 MP: 4/7
  1973 | D:2      | Noticed Jessica
  1976 | D:2      | Killed Jessica
  2250 | D:2      | Learned a level 2 spell: Searing Ray
  2807 | D:2      | Found a runed translucent door.
  2808 | D:2      | Noticed Crazy Yiuf
  2961 | D:3      | Found a faded altar of an unknown god.
  3034 | D:3      | Reached skill level 6 in Conjurations
  3087 | D:3      | Reached XP level 5. HP: 38/38 MP: 0/8
  3299 | D:3      | Found a radiant altar of Vehumet.
  3377 | D:3      | Became a worshipper of Vehumet
  3888 | D:3      | Found a sparkling altar of Nemelex Xobeh.
  3889 | D:3      | Found an opulent altar of Gozag.
  4031 | D:4      | Noticed Grinder
  4042 | D:4      | Paralysed by Grinder for 7 turns
  4066 | D:3      | Killed Grinder
  4066 | D:3      | Reached skill level 7 in Conjurations
  4066 | D:3      | Reached XP level 6. HP: 35/45 MP: 1/10
  4239 | D:4      | Found a staircase to the Ecumenical Temple.
  4250 | D:4      | Got a shimmering wooden ring
  4337 | Temple   | Entered the Ecumenical Temple
  4803 | D:4      | Noticed a slave
  4805 | D:4      | Noticed a slave
  4805 | D:4      | Noticed a slave
  4806 | D:4      | Noticed Pikel
  4857 | D:3      | Killed a slave
  5127 | D:4      | Noticed a slave
  5140 | D:3      | Killed Pikel
  5140 | D:3      | Reached skill level 8 in Conjurations
  5140 | D:3      | Your scales start taking on a rich purple colour.
  5140 | D:3      | Reached skill level 5 in Spellcasting
  5140 | D:3      | Reached XP level 7. HP: 39/50 MP: 0/15
  5505 | D:4      | Found a shimmering blue altar of Sif Muna.
  5618 | D:4      | Reached skill level 1 in Short Blades
  5760 | D:5      | Entered Level 5 of the Dungeon
  5762 | D:5      | Identified the ring "Qirirar" {rElec MR+ Dex+4} (You found
                  | it on level 4 of the Dungeon)
  5769 | D:5      | Reached XP level 8. HP: 54/57 MP: 7/16
  6145 | D:5      | Reached * piety under Vehumet
  6145 | D:5      | Offered knowledge of Sandblast by Vehumet.
  6470 | D:5      | Learned a level 1 spell: Sandblast
  6474 | D:5      | Learned a level 3 spell: Dazzling Flash
  6545 | D:5      | Reached skill level 9 in Conjurations
  7727 | D:6      | Noticed Edmund
  7734 | D:6      | Killed Edmund
  7734 | D:6      | Reached skill level 10 in Conjurations
  8056 | D:6      | Reached XP level 9. HP: 62/62 MP: 17/19
  8541 | D:6      | Found Ulepp's General Store.
  8726 | D:6      | Reached ** piety under Vehumet
  8754 | D:6      | Offered knowledge of Freeze by Vehumet.
  8833 | D:6      | Learned a level 1 spell: Freeze
  8962 | D:6      | Found a shattered altar of Ashenzari.
  9073 | D:7      | Found a sand-covered staircase.
  9186 | Ossuary  | Entered an ossuary
  9406 | Ossuary  | Offered knowledge of Inner Flame by Vehumet.
  9538 | Ossuary  | Learned a level 3 spell: Inner Flame
  9545 | Ossuary  | Reached *** piety under Vehumet
  9931 | Ossuary  | Offered knowledge of Static Discharge by Vehumet.
  9965 | Ossuary  | Learned a level 3 spell: Static Discharge
 10094 | Ossuary  | Reached skill level 11 in Conjurations
 11212 | D:7      | Reached skill level 1 in Maces & Flails
 11363 | D:7      | Reached skill level 1 in Earth Magic
 11802 | D:6      | Reached **** piety under Vehumet
 12047 | D:7      | Found an ancient bone altar of Kikubaaqudgha.
 12068 | D:7      | Found a bloodstained altar of Trog.
 12068 | D:7      | Found a snail-covered altar of Cheibriados.
 12138 | D:7      | Reached skill level 1 in Fire Magic
 12142 | D:7      | Reached XP level 10. HP: 63/69 MP: 19/23
 12401 | D:2      | Killed Crazy Yiuf
 13421 | D:8      | Offered knowledge of Stone Arrow by Vehumet.
 13430 | D:8      | Learned a level 3 spell: Stone Arrow
 13461 | D:8      | Found a stormy altar of Qazlal.
 13523 | D:8      | Found a white marble altar of Elyvilon.
 14050 | D:8      | Reached skill level 12 in Conjurations
 14151 | D:8      | Noticed a three-headed hydra
 14165 | D:8      | Slain by a three-headed hydra

Levels and vault maps discovered:
D:1:      minmay_arrival_doors, layout_rooms, serial_forest,
          infiniplex_forest_clump_tiny, infiniplex_forest_end_1,
          infiniplex_forest_lined_ring, infiniplex_forest_end_3,
          infiniplex_forest_straight_3
D:2:      layout_loops_cross, uniq_jessica, uniq_crazy_yiuf_cottage
D:3:      layout_rooms, grunt_temple_overflow_opulence, lemuel_doored_altar,
          chequers_ecumenical_altar_island
D:4:      layout_cave_pools, nicolae_overflow_hidden_temple,
          minmay_temple_entry_glass, uniq_grinder, uniq_pikel
D:5:      layout_cave_pools, first_ration, chequers_serial_rivers_micro_a
D:6:      layout_loops_ring, lemuel_crystal_altar, serial_shops, shop,
          uniq_edmund
D:7:      layout_gridville, gammafunk_temple_overflow_forgotten,
          nicolae_ossuary_entry_monument
D:8:      layout_loops_corners, elyvilon_altar_4,
          nicolae_qazlal_general_emergency, hangedman_ranch
          [blue_anna_fruit_fields]
Temple:   hc_temple_tempest_star

Skill      XL: |  1  2  3  4  5  6  7  8  9 10 |
---------------+-------------------------------+-----
Conjurations   | 5 6 7 8 10 11 12 | 12.1
Dodging        | 2 3 |  3.6
Spellcasting   | 3 5 7 9 |  9.6
Short Blades   | 1 |  1.0
Maces & Flails | 1 |  1.6
Earth Magic    | 1 |  1.2
Fire Magic     | 1 |  1.1
Stealth        | |  1.8
Hexes          | |  0.9
Ice Magic      | |  0.7
Air Magic      | |  0.2

Action                   |  1- 3 |  4- 6 |  7- 9 | 10-12 || total
-------------------------+-------+-------+-------+-------++-------
Melee: Whip              |   104 |    11 |    10 |     1 ||   126
       Tailslap          |    12 |     4 |     2 |       ||    18
       Short sword       |       |    15 |       |       ||    15
       Flail             |       |       |     3 |       ||     3
 Cast: Magic Dart        |    67 |    95 |   240 |    27 ||   429
       Searing Ray       |       |     8 |    72 |    11 ||    91
       Dazzling Flash    |       |       |     2 |     1 ||     3
       Sandblast         |       |       |     8 |     1 ||     9
       Inner Flame       |       |       |     4 |     1 ||     5
       Static Discharge  |       |       |     1 |     4 ||     5
       Stone Arrow       |       |       |       |    10 ||    10
       Freeze            |       |       |       |     4 ||     4
 Abil: Breathe Dispellin |       |       |     4 |     1 ||     5
Evoke: Wand              |       |     1 |       |       ||     1
  Use: Scroll            |       |     9 |     6 |     4 ||    19
 Stab: Paralysed         |       |     6 |       |       ||     6
  Eat: Chunk             |     1 |     9 |     3 |     1 ||    14
       Ration            |     1 |     1 |     5 |     2 ||     9
Armor: Skin              |    10 |    15 |    26 |     7 ||    58
Dodge: Dodged            |    25 |    36 |    80 |    30 ||   171

Table legend:
 A = Non-vault XP
 B = Vault XP
 C = Vault XP percentage of total XP
 D = Non-vault monster count
 E = Vault monster count
 F = Vault count percentage of total count
                 A         B        C        D         E       F
            +---------+---------+-------+---------+---------+-------
      Total |    4818 |    2483 |  34.0 |     173 |      65 |  27.3
            +---------+---------+-------+---------+---------+-------
        D:1 |      36 |       0 |   0.0 |      17 |       0 |   0.0
        D:2 |     112 |      76 |  40.4 |      28 |       2 |   6.7
        D:3 |      45 |     940 |  95.4 |      18 |       2 |  10.0
        D:4 |     227 |       0 |   0.0 |      10 |       0 |   0.0
        D:5 |     836 |       0 |   0.0 |      22 |       0 |   0.0
        D:6 |    1253 |     158 |  11.2 |      40 |       1 |   2.4
        D:7 |    1682 |       0 |   0.0 |      23 |       0 |   0.0
        D:8 |     627 |    1100 |  63.7 |      15 |       6 |  28.6
    Ossuary |       0 |     209 | 100.0 |       0 |      54 | 100.0
            +---------+---------+-------+---------+---------+-------
